 Dungeon Crawl Stone Soup version 0.29-a0-2-g12fcac58f8 (webtiles) character file.

Game seed: 8041642483530745863

295 oldriver the Sneak (level 6, 0/40 HPs)
             Began as an Octopode Hedge Wizard on Jan 26, 2022.
             Frozen to death by an endoplasm (4 damage)
             ... on level 4 of the Dungeon.
             The game lasted 00:09:19 (6796 turns).

oldriver the Sneak (Octopode Hedge Wizard)          Turns: 6796, Time: 00:09:19

Health: 0/40       AC:  1    Str:  9    XL:     6   Next: 34%
Magic:  1/11       EV: 13    Int: 19    God:
Gold:   165        SH:  0    Dex: 11    Spells: 9/12 levels left

rFire   . . .      SeeInvis .   a - +0 dagger
rCold   . . .      Faith    .   (no shield)
rNeg    . . .      Spirit   .   b - +0 hat
rPois   .          Reflect  .   (no amulet)
rElec   .          Harm     .   (no ring)
rCorr   .          Rampage  .   (no ring)
Will    .....                   (no ring)
Stlth   ++++......              (no ring)
HPRegen 0.13/turn               (no ring)
MPRegen 0.12/turn               (no ring)
                                (no ring)
                                (no ring)

@: about to teleport
A: almost no armour, amphibious, 8 rings, camouflage 1, gelatinous body 1,
(nimble swimmer 1), tentacles
a: no special abilities


You were on level 4 of the Dungeon.
You visited 1 branch of the dungeon, and saw 5 of its levels.

You collected 165 gold pieces.

Inventory:

Hand Weapons
 a - a +0 dagger (weapon)
Missiles
 e - 113 stones
 g - 4 atropa-tipped darts
 i - a throwing net
Armour
 b - a +0 hat (worn)
Jewellery
 f - a ring of fire
Potions
 d - a potion of heal wounds
 k - a potion of degeneration


   Skills:
 + Level 2.3 Fighting
 + Level 3.3 Dodging
 + Level 4.7 Stealth
 + Level 3.8 Spellcasting
 + Level 2.6 Conjurations
 + Level 1.5 Summonings
 - Level 1.0 Translocations


You had 9 spell levels left.
You knew the following spells:

 Your Spells              Type           Power      Damage    Failure   Level
a - Magic Dart            Conj           52%        1d5       4%          1
b - Call Imp              Summ           9%         N/A       12%         2

Your spell library contained the following spells:

 Spells                   Type           Power      Damage    Failure   Level
 Slow                     Hex            12%        N/A       14%         1
 Blink                    Tloc           14%        N/A       14%         2
 Conjure Flame            Conj/Fire      8%         6-21      24%         3
 Mephitic Cloud           Conj/Pois/Air  7%         N/A       28%         3
 Ozocubu's Armour         Ice            3%         N/A       38%         3
 Ozocubu's Refrigeration  Ice            1%         4d5       100%        7


Dungeon Overview and Level Annotations

Branches:
Dungeon (5/15)
 Temple: D:4-7

Altars:

Annotations:
D:3 1 runed translucent door, Crazy Yiuf
D:4 Pikel


Innate Abilities, Weirdness & Mutations

You cannot wear most types of armour.
You are amphibious.
You can wear up to eight rings at the same time.
Your skin changes colour to match your surroundings (Stealth+).
Your rubbery body absorbs attacks. (AC +1, EV +1)
((You are camouflaged when in or above water. (Stealth+)))
You have tentacles for arms and can constrict up to eight enemies at once.


Message History

The lemure barely misses you.
The magic dart hits the lemure but does no damage.
The lemure is heavily wounded.
The lemure hits you!
The magic dart hits the lemure.
The lemure is heavily wounded.
The lemure closely misses you.
The magic dart hits the lemure.
The lemure is heavily wounded.
The lemure misses you.
The magic dart hits the lemure but does no damage.
The lemure is heavily wounded.
The lemure closely misses you. The endoplasm closely misses you.
The magic dart hits the lemure but does no damage.
The lemure is heavily wounded.
The lemure misses you. The endoplasm freezes you.
You are frozen.
The magic dart hits the lemure.
The lemure is heavily wounded.
The lemure barely misses you. The endoplasm freezes you.
You are frozen.
The magic dart hits the lemure.
The lemure is severely wounded.
The lemure hits you. The endoplasm completely misses you.
You are too depleted to draw on your mana recklessly!
You barely miss the lemure. You grab the lemure.
You squeeze the lemure, but do no damage.
The lemure is severely wounded.
You constrict the lemure, but do no damage.
The lemure hits you!
* * * LOW HITPOINT WARNING * * *
The endoplasm misses you.
As you read the scroll of teleportation, it crumbles to dust.
You feel strangely unstable.
You constrict the lemure. The lemure hits you!
* * * LOW HITPOINT WARNING * * *
The endoplasm freezes you.
You are frozen.
You die...

,*****≈≈♣***≈+,,* ####.#### # ,*
*≈**≈♣#♣≈#,** #.# ,* *≈*#♣≈♣≈♣***
#.# +## **#♣≈≈†♣#♣# ######># #
..####♣≈♣≈♣#♣≈# #....J.# ##
...#.#K♣#♣≈♣♣≈# #.###### ##.
5...5J≈♣♣#♣≈≈## #.##.## ##..
.....##≈≈♣##'########.#...####...
.....######....J@55..........'...
.....# #....########.#.).####...
....## ##...# #..#.## ##.. .>.##
#.### ##.### ##. ..## #.# #.# ##
'## #.# #.# # .# #.# #.#
.#*******#.# #5# ####
..,,,,,,*#.# #5# #...


You could see 2 lemures and an endoplasm.

Vanquished Creatures
  A hound (D:4)
  A jelly (D:5)
  A gnoll shaman (D:1)
  A hound skeleton (D:4)
  An adder (D:2)
  2 gnolls (D:2)
  A worm (D:3)
  A dart slug (D:1)
  4 orcs
  9 bats
  4 endoplasms
  3 giant cockroaches
  15 goblins
  6 hobgoblins
  A jackal (D:4)
  2 kobolds
  2 quokkas
  5 ball pythons
  2 frilled lizards
  A quokka skeleton (D:4)
  5 rats
68 creatures vanquished.

Vanquished Creatures (collateral kills)
  A hound (D:4)
  Terence (D:2)
  Robin (D:2)
  A gnoll (D:2)
  2 orcs
  An endoplasm (D:2)
  A giant cockroach (D:4)
  3 jackals (D:4)
  2 ball pythons (D:4)
13 creatures vanquished.

Grand Total: 81 creatures vanquished

Notes
Turn   | Place    | Note
-------+----------+-------------------------------------------
     0 | D:1      | oldriver the Octopode Hedge Wizard began the quest for the
                  | Orb.
     0 | D:1      | Reached XP level 1. HP: 11/11 MP: 4/4
   483 | D:1      | Reached XP level 2. HP: 10/18 MP: 0/6
   633 | D:1      | Reached skill level 3 in Stealth
  1640 | D:2      | Reached skill level 1 in Fighting
  1640 | D:2      | Reached XP level 3. HP: 23/23 MP: 1/7
  1643 | D:2      | Learned a level 2 spell: Call Imp
  2268 | D:2      | Found a faded altar of an unknown god.
  2430 | D:2      | Reached XP level 4. HP: 22/28 MP: 0/9
  2532 | D:2      | Noticed Robin
  2533 | D:2      | Noticed Terence
  2938 | D:2      | Killed Terence
  2957 | D:2      | Killed Robin
  3227 | D:2      | Reached XP level 5. HP: 34/34 MP: 8/10
  3329 | D:2      | Reached skill level 4 in Stealth
  3440 | D:1      | HP: 2/51 [gnoll shaman (2)]
  5223 | D:3      | Found a runed translucent door.
  5224 | D:3      | Noticed Crazy Yiuf
  5638 | D:4      | Reached XP level 6. HP: 28/39 MP: 1/11
  5859 | D:4      | Noticed a sky beast
  6468 | D:4      | Noticed Pikel
  6473 | D:5      | Entered Level 5 of the Dungeon
  6601 | D:5      | Noticed a sky beast
  6796 | D:4      | Frozen to death by an endoplasm

Illustrated notes

Levels and vault maps discovered:
D:1:      lightli_arrival_windingriver, layout_basic,
          chequers_serial_rivers_micro_c
D:2:      layout_rooms, hellmonk_ecumenical_altar_heavens_door, minmay_between,
          uniq_robin, uniq_terence
D:3:      layout_loops_ring, uniq_crazy_yiuf_cottage
D:4:      layout_loops_corners, saegor_snake_ambush, uniq_pikel, uniq_ijyb
D:5:      layout_rooms, serial_shops, shop

Skill      XL: |  1  2  3  4  5 |
---------------+----------------+-----
Stealth        | 3 4 |  4.7
Fighting       | 1 2 |  2.3
Conjurations   | 2 |  2.6
Dodging        | 3 |  3.3
Spellcasting   | |  3.8
Summonings     | |  1.5
Translocations | |  1.0

Action                   |  1- 3 |  4- 6 || total
-------------------------+-------+-------++-------
Melee: Dagger            |    12 |    12 ||    24
       Tentacles         |     4 |     1 ||     5
       Constrict         |     2 |     3 ||     5
Throw: Stone             |       |     5 ||     5
 Cast: Magic Dart        |    96 |   147 ||   243
       Call Imp          |       |    30 ||    30
  Use: Potion            |       |     2 ||     2
       Scroll            |       |     5 ||     5
Armor: Skin              |     1 |     9 ||    10
Dodge: Dodged            |    16 |    46 ||    62

Table legend: (Time is in decaauts)
 A = Elapsed time spent in this place.
 B = Non-inter-level travel time spent in this place.
 C = Inter-level travel time spent in this place.
 D = Time resting spent in this place.
 E = Time spent auto-exploring this place.
 F = Levels seen in this place.
 G = Mean time per level.
                   A        B        C        D        E       F      G
               +--------+--------+--------+--------+--------+-----+--------+
         Total |   6804 |   6470 |    334 |   2432 |   2987 |   5 | 1360.8 |
       Dungeon |   6804 |   6470 |    334 |   2432 |   2987 |   5 | 1360.8 |
               +--------+--------+--------+--------+--------+-----+--------+

Top non-repeatable levels by time:
     D:1: 2560 daAuts
     D:2: 1593 daAuts
     D:3: 1428 daAuts
     D:4: 1130 daAuts
     D:5: 92 daAuts
